 Dungeon Crawl Stone Soup version 0.27.1-3-gb3d3a73c9e (webtiles) character file.

Game seed: 9743533584487103491

131 raph the Stinger (level 4, -1/24 HPs)
             Began as a Deep Elf Venom Mage on Oct 28, 2021.
             Succumbed to a kobold brigand's curare-tipped dart
             ... in a sewer.
             The game lasted 00:07:04 (2868 turns).

raph the Stinger (Deep Elf Venom Mage)              Turns: 2868, Time: 00:07:05

Health: -1/24      AC:  7    Str:  5    XL:     4   Next: 91%
Magic:  10/12      EV: 12    Int: 21    God:
Gold:   90         SH:  0    Dex: 15    Spells: 3/12 levels left

rFire    . . .     SeeInvis .   b - +0 dagger
rCold    . . .     Faith    .   (no shield)
rNeg     . . .     Spirit   .   a - +1 robe
rPois    .         Reflect  .   (no helmet)
rElec    .         Harm     .   (no cloak)
rCorr    .         Rampage  .   (no gloves)
Will     .....                  (no boots)
Stlth    ++........             (no amulet)
HPRegen  0.08/turn              c - +4 ring of protection
MPRegen  0.13/turn              (no ring)

@: lethally poisoned (-1 -> -16), slowed, very slow
A: no striking features
a: no special abilities


You were in a sewer.
You visited 1 branch of the dungeon, and saw 3 of its levels.
You also visited: Sewer.

You collected 90 gold pieces.

Inventory:

Hand Weapons
 b - a +0 dagger (weapon)
Armour
 a - a +1 robe (worn)
Jewellery
 c - a +4 ring of protection (left hand)
Potions
 d - a potion of cancellation {unknown}
 f - a potion of haste
 h - a potion of brilliance {unknown}


   Skills:
 - Level 2.4 Dodging
 - Level 2.4 Stealth
 * Level 4.5 Spellcasting
 * Level 1.2 Conjurations
 - Level 1.1 Transmutations
 - Level 0.2 Air Magic
 * Level 5.2 Poison Magic


You had 3 spell levels left.
You knew the following spells:

 Your Spells              Type           Power      Damage    Failure   Level
a - Sting                 Tmut/Pois      72%        1d6       3%          1
b - Poisonous Vapours     Pois/Air       32%        N/A       5%          2
c - Mephitic Cloud        Conj/Pois/Air  14%        N/A       14%         3
d - Magic Dart            Conj           36%        1d4       7%          1
e - Searing Ray           Conj           18%        3d3       11%         2

Your spell library contained the following spells:

 Spells                   Type           Power      Damage    Failure   Level
 Olgreb's Toxic Radiance  Pois           26%        N/A       13%         4
 Fulminant Prism          Conj/Hex       3%         3d6       65%         4


Dungeon Overview and Level Annotations

Branches:
Dungeon (3/15)              Sewer (1/1)

Altars:

Shops:
D:1 *


Message History

Magic restored.
You enter the shallow water.
Moving in this stuff is going to be slow.
d - a coppery potion You enter the shallow water.
Moving in this stuff is going to be slow.
You see here a worm corpse.
You enter the shallow water.
Moving in this stuff is going to be slow.
You enter the shallow water.
Moving in this stuff is going to be slow. 2 kobold brigands come into view.
A kobold brigand is wielding a +0 short sword and quivering curare-tipped darts.
A kobold brigand is wielding a +0 short sword and quivering poisoned darts.
The kobold brigand throws a poisoned dart.
The poisoned dart barely misses you.
Casting: Searing Ray (safe; 11% risk of failure)
Confirm with . or Enter, or press ? or * to list all spells.
Aiming: Mephitic Cloud (quite dangerous; 14% risk of failure)
Press: ? - help, Shift-Dir - straight line
Okay, then.
Casting: Mephitic Cloud (quite dangerous; 14% risk of failure)
Confirm with . or Enter, or press ? or * to list all spells.
Aiming: Poisonous Vapours (safe; 5% risk of failure)
Press: ? - help, Dir - move target, f - kobold brigand
Aim: a kobold brigand, wielding a +0 short sword and quivering poisoned darts Poisonous vapours surround the kobold brigand!
The kobold brigand is poisoned.
The kobold brigand throws a curare-tipped dart.
The curare-tipped dart hits you.
You are poisoned.
You have difficulty breathing.
You feel yourself slow down.
* * * LOW HITPOINT WARNING * * *
You feel extremely sick.
The kobold brigand throws a curare-tipped dart.
The curare-tipped dart hits you.
You are more poisoned.
You have difficulty breathing.
* * * LOW HITPOINT WARNING * * *
You feel as though you will be slow longer.
You die...

#.#.#. .#
#≈#≈#K ≈#
#≈#≈#≈ ≈#
#≈#≈#≈#K#
#≈≈≈#≈≈≈
##†###≈# #≈#
#≈# #≈###≈#
#≈≈≈@≈# ##≈≈≈##
#≈.≈# #≈≈≈# .#
##.≈.# ...#
##..≈≈#
≈≈..#####.≈≈≈.#
≈≈≈.≈≈≈.≈.≈≈.##
#..≈≈≈≈≈≈.###


You could see a kobold brigand (poisoned).

Vanquished Creatures
  7 adders
  A worm (Sewer)
  4 ball pythons (D:1)
  3 bats (D:2)
  5 endoplasms
  6 giant cockroaches
  12 goblins
  4 hobgoblins
  6 jackals
  2 kobolds (D:1)
  6 frilled lizards
  6 rats
62 creatures vanquished.

Notes
Turn   | Place    | Note
-------+----------+-------------------------------------------
     0 | D:1      | raph the Deep Elf Venom Mage began the quest for the Orb.
     0 | D:1      | Reached XP level 1. HP: 10/10 MP: 6/6
   127 | D:1      | Found Nuijaucae's Assorted Antiques.
   155 | D:1      | Reached XP level 2. HP: 15/15 MP: 2/8
   214 | D:1      | Learned a level 2 spell: Poisonous Vapours
   313 | D:1      | Reached skill level 4 in Poison Magic
   716 | D:1      | Reached XP level 3. HP: 19/19 MP: 0/10
   720 | D:1      | Learned a level 3 spell: Mephitic Cloud
   905 | D:1      | Found a faded altar of an unknown god.
  1534 | D:2      | Reached XP level 4. HP: 24/24 MP: 6/12
  2067 | D:2      | Reached skill level 5 in Poison Magic
  2527 | D:3      | Learned a level 1 spell: Magic Dart
  2530 | D:3      | Learned a level 2 spell: Searing Ray
  2549 | D:3      | Found a glowing drain.
  2583 | D:3      | Reached skill level 1 in Conjurations
  2725 | Sewer    | Entered a sewer
  2864 | Sewer    | Noticed a kobold brigand
  2864 | Sewer    | Noticed a kobold brigand
  2868 | Sewer    | Succumbed to a kobold brigand's curare-tipped dart

Illustrated notes

Levels and vault maps discovered:
D:1:      ncdulo_lavacross, layout_rooms, shapermc_ecumenical_altar_acropolis,
          serial_shops, nicolae_lakefront_shop
D:2:      layout_rooms
D:3:      layout_basic, nicolae_wu_jian_wuxing_cycle, elyvilon_altar_3,
          gup_sewer_entry_glass, uniq_ijyb, uniq_natasha
Sewer:    sewer_co_tree

Skill      XL: |  1  2  3  4 |
---------------+-------------+-----
Poison Magic   | 4 5 |  5.2
Spellcasting   | 4 |  4.5
Conjurations   | 1 |  1.2
Dodging        | |  2.4
Stealth        | |  2.4
Transmutations | |  1.1
Air Magic      | |  0.2

Action                   |  1- 3 |  4- 6 || total
-------------------------+-------+-------++-------
Melee: Dagger            |    20 |    24 ||    44
 Cast: Sting             |    29 |    24 ||    53
       Poisonous Vapours |    24 |    13 ||    37
       Mephitic Cloud    |       |     1 ||     1
       Searing Ray       |       |     1 ||     1
  Use: Scroll            |       |     4 ||     4
Armor: Robe              |     5 |     8 ||    13
Dodge: Dodged            |    20 |    22 ||    42
